 Dungeon Crawl Stone Soup version 0.31-a0-426-g3a05650e59 (webtiles) character file.

Game seed: 954745169020856077

74 floatRand the Ruffian (level 4, -1/52 HPs)
             Began as a Draconian Shapeshifter on July 31, 2023.
             Slain by a goblin
             ... wielding a +0 dagger
              (3 damage)
             ... on level 2 of the Dungeon.
             The game lasted 00:02:54 (1311 turns).

floatRand the Ruffian (Draconian Shapeshifter)      Turns: 1311, Time: 00:02:54

Health: -1/52      AC: 22    Str: 18    XL:     4   Next: 10%
Magic:  4/4        EV:  2    Int:  8    God:
Gold:   99         SH:  0    Dex: 13    Spells: 3/3 levels left

rFire   . .          .
                       - Unarmed
rCold   . . .        (no shield)
rNeg    . . .        (body armour unavailable)
rPois   +            (helmet currently unavailable)
rElec   .            (cloak currently unavailable)
rCorr   .            (gloves currently unavailable)
SInv    .            (boots currently unavailable)
Will    .....        (no amulet)
Stlth   +            (no ring)
HPRegen 0.28/turn    (no ring)
MPRegen 0.09/turn

%: no passive effects
@: tree-form
A: stationary, stasis, torment immunity, boosted hp, AC +5, unfitting armour,
(cold-blooded)
a: no special abilities


You were on level 2 of the Dungeon.
You were a tree.
You visited 1 branch of the dungeon, and saw 2 of its levels.

You collected 99 gold pieces.

Inventory:

Armour
 h - a scarf of shadows
Talismans
 b - a beast talisman
Scrolls
 c - a scroll of vulnerability {unknown}
 d - 2 scrolls of noise {unknown}
 f - a scroll of revelation {unknown}
Potions
 e - a potion of heal wounds {unknown}
 g - a potion of curing {unknown}


   Skills:
 - Level 1.1 Fighting
 - Level 1.7 Dodging
 * Level 4.4 Unarmed Combat
 + Level 3.5 Shapeshifting


You had 3 spell levels left.
You didn't know any spells.
Your spell library was empty.

Dungeon Overview and Level Annotations

Branches:
Dungeon (2/15)

Altars:

Annotations:
D:2 Robin


Innate Abilities, Weirdness & Mutations

You are a tree.
Your roots penetrate the ground, keeping you stationary.
You cannot be teleported.
You are immune to unholy pain and torment.
Your maximum health is greatly increased.
Your equipment is partially melded.
((Your plain brown scales are hard. (AC +5)))
You cannot fit into any form of body armour.
((You are cold-blooded and may be slowed by cold attacks.))


Message History

You are no longer poisoned.
The adder closely misses you. The goblin hits you with a +0 dagger.
* * * LOW HITPOINT WARNING * * *
The goblin barely misses you.
You hit the adder.
Your tail-slap misses the adder.
The adder is almost dead.
The adder barely misses you. x2; The goblin misses you.
The goblin completely misses you.
Unknown command.
You miss the adder.
The adder is almost dead.
The adder completely misses you. The goblin hits you with a +0 dagger.
* * * LOW HITPOINT WARNING * * *
The goblin hits you with a +0 dagger.
* * * LOW HITPOINT WARNING * * *
Unknown command.
Unknown command.
Really quaff the potion of lignification?
Your transformation has ended.
You turn into a tree.
Your roots penetrate the ground.
The adder bites you but does no damage. The goblin hits you but does no damage.
Robin says, "Bow before me, strongest of all the hobgoblins!"
Robin roars a battlecry!
The goblins go into a battle-frenzy!
The goblin hits you but does no damage.
You closely miss the adder.
The adder is almost dead.
The adder bites you but does no damage. The goblin hits you but does no damage.
The goblin hits you with a +0 dagger.
* * * LOW HITPOINT WARNING * * *
You hit the adder.
You kill the adder!
The goblin hits you but does no damage. x2
You have reached level 4!
You feel stronger.
You smack the hobgoblin!
You kill the hobgoblin!
You completely miss the goblin.
The goblin hits you but does no damage. x2
You closely miss the goblin. The goblin hits you with a +0 dagger.
You die...

#######......#
#............###.#
#........... '.#.# ###
#........g. #.#.## ..
#......Sg. #....### #.#.
..>...... ....... #.#.
......g.# #....# ## #.#.
....##g######gg..# .# #.#.
#.....S..Sg#♣#'# #.# #.#.
.....##.#..#.#g#.# #.# #.#.
....
<...###.#.#.######.####.#.
...
#..........................
..
......#####+#.#####...###.#.
.
..#######..........'.......##
... ...........##.....### ##
##.........##......##
#.........##.......##


You could see Robin and 2 goblins.

Vanquished Creatures
  3 adders (D:2)
  A worm (D:2)
  2 dart slugs (D:1)
  2 ball pythons
  5 endoplasms
  A giant cockroach (D:1)
  12 goblins
  2 hobgoblins
  2 kobolds
  3 quokkas
  A frilled lizard (D:1)
  3 rats
37 creatures vanquished.

Notes
Turn   | Place    | Note
-------+----------+-------------------------------------------
     0 | D:1      | floatRand the Draconian Shapeshifter began the quest for
                  | the Orb.
     0 | D:1      | Reached XP level 1. HP: 16/16 MP: 1/1
   164 | D:1      | Reached XP level 2. HP: 21/23 MP: 2/2
   468 | D:1      | Found a faded altar of an unknown god.
   715 | D:2      | Noticed Robin
   757 | D:2      | Reached XP level 3. HP: 19/28 MP: 3/3
  1070 | D:2      | Reached skill level 4 in Unarmed Combat
  1307 | D:2      | HP: 1/42 [goblin/+0 dagger[Robin] (5)]
  1309 | D:2      | Reached XP level 4. HP: 1/35 MP: 4/4
  1311 | D:2      | Slain by a goblin

Illustrated notes

Levels and vault maps discovered:
D:1:      dpeg_arrival_shelter, layout_loops_ring,
          hellmonk_ecumenical_altar_inner_sanctum
D:2:      layout_basic, uniq_robin

Skill      XL: |  1  2  3 |
---------------+----------+-----
Unarmed Combat | 4 |  4.4
Fighting       | |  1.1
Dodging        | |  1.7
Shapeshifting  | |  3.5

Action                     |  1- 3 |  4- 6 || total
---------------------------+-------+-------++-------
  Melee: Unarmed           |    87 |     3 ||    90
         Tailslap          |     9 |       ||     9
    Use: Potion            |     1 |       ||     1
 Armour: Skin              |    23 |     2 ||    25
  Dodge: Dodged            |    47 |       ||    47

Table legend: (Time is in decaauts)
 A = Elapsed time spent in this place.
 B = Non-inter-level travel time spent in this place.
 C = Inter-level travel time spent in this place.
 D = Time resting spent in this place.
 E = Time spent auto-exploring this place.
 F = Levels seen in this place.
 G = Mean time per level.
                   A        B        C        D        E       F      G
               +--------+--------+--------+--------+--------+-----+--------+
         Total |   1308 |   1291 |     17 |     41 |    969 |   2 |  654.0 |
       Dungeon |   1308 |   1291 |     17 |     41 |    969 |   2 |  654.0 |
               +--------+--------+--------+--------+--------+-----+--------+

Top non-repeatable levels by time:
     D:1: 713 daAuts
     D:2: 595 daAuts
